 Dungeon Crawl Stone Soup version 0.27.1-2-g3b301248ec (webtiles) character file.

Game seed: 3655898798377984497

27762 Araneus the Basher (level 13, -2/106 HPs)
             Began as a Demonspawn Fighter on Oct 4, 2021.
             Was a Believer of Qazlal.
             Slain by a harpy (5 damage)
             ... on level 1 of the Shoals.
             The game lasted 00:49:35 (17346 turns).

Araneus the Basher (Demonspawn Fighter)            Turns: 17346, Time: 00:49:36

Health: -2/106     AC: 19    Str: 30    XL:     13   Next: 6%
Magic:  22/22      EV:  8    Int: 10    God:    Qazlal [**....]
Gold:   1519       SH: 17    Dex: 13    Spells: 12/12 levels left

rFire    . . .     SeeInvis .   e - +7 demon whip "Dragon's Tongue" {vorpal, +Rage}
rCold    . . .     Faith    .   t - +2 kite shield of the King of the Hill {MP+9}
rNeg     . . .     Spirit   .   n - +0 chain mail
rPois    .         Reflect  .   (no helmet)
rElec    .         Harm     .   o - +2 cloak
rCorr    +         Rampage  .   v - +1 pair of gloves {Str+3}
Will     .....                  (no boots)
Stlth    ..........             (no amulet)
HPRegen  0.27/turn              w - ring of resist corrosion
MPRegen  0.18/turn              u - +6 ring of strength

@: brilliant
A: hooves 2, rugged brown scales 2, foul stench 2
a: Renounce Religion, Evoke Berserk Rage, Upheaval


You were on level 1 of the Shoals.
You worshipped Qazlal.
Qazlal was pleased with you.
You visited 5 branches of the dungeon, and saw 16 of its levels.

You collected 2246 gold pieces.
You spent 727 gold pieces at shops.

Inventory:

Hand Weapons
 e - the +7 demon whip "Dragon's Tongue" (weapon) {vorpal, +Rage}
   (You acquired it on level 2 of the Dungeon)

   It inflicts extra damage upon your enemies.
   +Rage:     It lets you go berserk.
Armour
 n - a +0 chain mail (worn)
 o - a +2 cloak (worn)
 t - the +2 kite shield of the King of the Hill (worn) {MP+9}
   (You bought it in a shop on level 1 of the Orcish Mines)

   MP:        It affects your magic capacity (+9).
 v - a +1 pair of gloves of strength (worn)
Jewellery
 k - an amulet of regeneration
 u - a +6 ring of strength (right hand)
 w - a ring of resist corrosion (left hand)
 C - a +6 ring of strength
Wands
 a - a wand of iceblast (3)
 h - a wand of flame (15)
 j - a wand of digging (6)
 y - a wand of acid (8)
 B - a wand of paralysis (13)
Scrolls
 c - a scroll of enchant weapon {unknown}
 d - 3 scrolls of blinking
 f - 2 scrolls of fog
 l - 5 scrolls of fear
 m - 5 scrolls of teleportation
 q - a scroll of torment {unknown}
 r - a scroll of noise {unknown}
 x - a scroll of magic mapping {unknown}
 z - a scroll of immolation {unknown}
 A - 2 scrolls of identify
Potions
 b - a potion of brilliance
 g - 3 potions of attraction
 p - a potion of flight
 s - 2 potions of ambrosia


   Skills:
 + Level 9.6 Fighting
 - Level 12.0 Maces & Flails
 + Level 10.1 Armour
 + Level 9.3 Shields
 * Level 6.7 Evocations


You had 12 spell levels left.
You didn't know any spells.
Your spell library contained the following spells:

 Spells                   Type           Power      Damage    Failure   Level
 Animate Skeleton         Necr           0%         N/A       97%         1
 Apportation              Tloc           0%         N/A       97%         1
 Corona                   Hex            0%         N/A       97%         1
 Sandblast                Erth           0%         2d4       97%         1
 Sting                    Tmut/Pois      0%         1d3       97%         1
 Summon Small Mammal      Summ           0%         N/A       97%         1
 Passwall                 Tmut/Erth      0%         N/A       99%         2
 Poisonous Vapours        Pois/Air       0%         N/A       99%         2
 Slow                     Hex            0%         N/A       99%         2
 Confusing Touch          Hex            0%         N/A       100%        3
 Summon Guardian Golem    Hex/Summ       0%         N/A       100%        3
 Vampiric Draining        Necr           0%         2d6       100%        3
 Olgreb's Toxic Radiance  Pois           0%         N/A       100%        4
 Lee's Rapid Deconstruct  Erth           0%         3d5*      100%        5
 Orb of Destruction       Conj           0%         N/A       100%        7
 Spellforged Servitor     Conj/Summ      0%         N/A       100%        7


Dungeon Overview and Level Annotations

Branches:
Dungeon (9/15)             Temple (1/1) D:7            Lair (4/6) D:8
 Shoals (1/4) Lair:3       Spider (0/4) Lair:4          Orc (1/2) D:9

Altars:
Ashenzari
Cheibriados
Dithmenos
Elyvilon
Fedhas
Gozag
Hepliaklqana
Kikubaaqudgha
Makhleb
Nemelex Xobeh
Okawaru
Qazlal
Ru
Sif Muna
Trog
Uskayaw
Vehumet
Wu Jian
Xom
Yredelemnul
Zin
The Shining One
Jiyva

Shops:
Orc:1 [[


Innate Abilities, Weirdness & Mutations

You have hoof-like feet.
You are mostly covered in rugged brown scales. (AC +2, +5% HP)
You sometimes emit foul miasma when damaged in melee.


Message History

You block the harpy's attack. x2; The harpy claws you but does no damage. x2
The harpy claws you. You block the harpy's attack.
You whack the harpy! You kick the harpy.
The harpy is almost dead.
You block the harpy's attack. The harpy claws you!
* * * LOW HITPOINT WARNING * * *
The harpy barely misses you. The harpy claws you but does no damage.
You barely miss the harpy. You kick the harpy.
The harpy is almost dead.
You block the harpy's attack. x2; The harpy claws you but does no damage.
The harpy claws you.
* * * LOW HITPOINT WARNING * * *
The harpy claws you but does no damage. The harpy closely misses you.
You hit the harpy.
You kill the harpy!
Qazlal accepts your kill.
You block the harpy's attack. x2; The harpy claws you!
* * * LOW HITPOINT WARNING * * *
The harpy claws you.
* * * LOW HITPOINT WARNING * * *
You feel better.
The harpy screeches! x2
You block the harpy's attack. x2; The harpy claws you.
* * * LOW HITPOINT WARNING * * *
You emit a cloud of foul miasma!
You block the harpy's attack.
The harpy is engulfed in dark miasma.
The harpy claws you but does no damage. x2
You whack the harpy! Your kick misses the harpy.
The harpy is severely wounded.
The harpy is engulfed in dark miasma.
The harpy is poisoned.
You block the harpy's attack. x3; The harpy barely misses you.
The harpy is engulfed in dark miasma.
You whack the harpy! You kick the harpy.
The harpy is moderately wounded.
The harpy claws you!
* * * LOW HITPOINT WARNING * * *
You emit a cloud of foul miasma!
You block the harpy's attack.
The harpy screeches!
The harpy is engulfed in dark miasma.
You block the harpy's attack. x2
The harpy claws you.
You die...

≈≈≈≈≈≈≈≈≈≈≈≈≈≈
≈≈≈≈≈≈≈≈≈≈≈≈≈≈ ≈
≈≈≈≈≈≈≈≈≈≈≈≈≈ ≈≈
.≈≈≈≈≈≈≈≈≈≈≈ ≈≈≈
.≈≈≈≈≈≈≈≈≈≈ ≈≈≈≈
#.≈≈≈≈≈≈≈≈≈
≈≈≈..###..≈≈≈≈≈≈≈≈
≈≈.....H†..≈≈≈≈≈≈≈
..##..@☼<≈≈≈≈≈≈≈
#☼H......≈≈≈≈
...≈≈.####..≈≈≈
≈..>≈≈≈.. .≈.≈
≈≈..≈≈≈≈≈.. ...
≈≈≈≈≈####### ..
≈≈≈≈≈ S.... .
≈≈≈≈≈ !.....


You could see a sea snake and 2 harpies.

Vanquished Creatures
  Kirke (Lair:3)
  Snorg (Lair:2)
  3 hydras
  2 catoblepae (Lair:3)
  A merfolk avatar (Shoals:1)
  2 harpies (Shoals:1)
  Maurice (D:9)
  A black mamba (Lair:1)
  Joseph (D:7)
  5 cane toads
  Psyche (D:9)
  2 rime drakes
  5 komodo dragons
  4 trolls (Orc:1)
  A hornet (D:9)
  A polar bear (Lair:1)
  19 blink frogs
  25 yaks
  Sigmund (D:2)
  3 redbacks (Lair:4)
  3 wyverns
  6 hogs (Lair:4)
  Eustachio (D:4)
  A human (D:9)
  A steam dragon (Lair:4)
  Menkaure (D:3)
  A warg (Orc:1)
  12 water moccasins
  7 orc warriors
  A necrophage (D:6)
  8 ogres
  4 centaurs
  2 phantoms
  A gnoll sergeant (D:9)
  6 bullfrogs
  A wyvern zombie (D:9)
  7 killer bees
  4 wights (D:7)
  3 electric eels
  2 centaur zombies
  A howler monkey (D:4)
  7 hounds
  A jelly (D:4)
  A bullfrog skeleton (D:6)
  Crazy Yiuf (D:3)
  10 orc priests
  3 centaur skeletons
  A human skeleton (D:9)
  3 iguanas
  Natasha (thrice) (D:4)
  7 orc wizards
  2 killer bee zombies
  A hound skeleton (D:4)
  A howler monkey zombie (D:9)
  4 gnolls (D:9)
  6 adders
  3 shadow imps (D:7)
  A white imp (D:8)
  2 worms
  3 dart slugs
  31 orcs
  4 bats
  8 endoplasms
  2 giant cockroaches
  3 goblins
  9 hobgoblins
  4 jackals (D:3)
  A quokka (D:3)
  11 ball pythons
  7 frilled lizards
  8 kobolds
  6 rats
  A butterfly (Lair:4)
308 creatures vanquished.

Vanquished Creatures (collateral kills)
  A blink frog (Lair:3)
1 creature vanquished.

Vanquished Creatures (others)
  A rime drake (Lair:2)
  A bullfrog (Lair:2)
  19 fungi
  17 plants
38 creatures vanquished.

Grand Total: 347 creatures vanquished

Notes
Turn   | Place    | Note
-------+----------+-------------------------------------------
     0 | D:1      | Araneus the Demonspawn Fighter began the quest for the Orb.
     0 | D:1      | Reached XP level 1. HP: 18/18 MP: 1/1
   419 | D:1      | Reached skill level 2 in Maces & Flails
   617 | D:1      | Gained mutation: You are partially covered in rugged brown
                  | scales. (AC +1, +3% HP) [demonic ancestry]
   617 | D:1      | Reached XP level 2. HP: 8/24 MP: 2/2
  1126 | D:1      | You fall into a shaft and drop 1 floor!
  1126 | D:2      | Noticed an ogre
  1128 | D:2      | Identified a scroll of acquirement
  1128 | D:2      | Acquired the +7 demon whip "Dragon's Tongue" {vorpal,
                  | +Rage}
  1141 | D:2      | Killed an ogre
  1142 | D:2      | Reached skill level 3 in Maces & Flails
  1142 | D:2      | Gained mutation: You may rarely emit foul miasma when
                  | damaged in melee. [demonic ancestry]
  1142 | D:2      | Reached XP level 3. HP: 17/29 MP: 3/3
  1142 | D:2      | Reached XP level 4. HP: 21/36 MP: 4/4
  1346 | D:2      | Reached skill level 4 in Maces & Flails
  1570 | D:2      | Noticed Sigmund
  1576 | D:2      | Killed Sigmund
  1577 | D:2      | Reached skill level 5 in Maces & Flails
  1577 | D:2      | Gained mutation: You have large cloven feet. [demonic
                  | ancestry]
  1577 | D:2      | Reached XP level 5. HP: 42/42 MP: 5/5
  1577 | D:2      | Gained mutation: You have hoof-like feet. [demonic
                  | ancestry]
  1577 | D:2      | Reached XP level 6. HP: 48/48 MP: 6/6
  2119 | D:3      | Found a broken altar of Ashenzari.
  2495 | D:3      | Found a hazy altar of Hepliaklqana.
  2495 | D:3      | Found a faded altar of an unknown god.
  2624 | D:3      | Found a runed translucent door.
  2625 | D:3      | Noticed Crazy Yiuf
  2632 | D:3      | Killed Crazy Yiuf
  2856 | D:4      | Noticed Menkaure
  2856 | D:4      | Noticed Eustachio
  2872 | D:3      | Killed Menkaure
  2873 | D:3      | Reached skill level 6 in Maces & Flails
  3068 | D:4      | Reached XP level 7. HP: 47/53 MP: 7/7
  3137 | D:4      | Killed Eustachio
  3295 | D:4      | Reached skill level 7 in Maces & Flails
  3437 | D:4      | Noticed Natasha
  3442 | D:4      | Killed Natasha
  3645 | D:4      | Reached XP level 8. HP: 57/59 MP: 8/8
  3755 | D:4      | Noticed Natasha
  3759 | D:4      | Killed Natasha
  3779 | D:4      | Noticed Natasha
  3784 | D:4      | Killed Natasha
  3785 | D:4      | Reached skill level 8 in Maces & Flails
  3788 | D:5      | Entered Level 5 of the Dungeon
  3998 | D:5      | Acquired 951 gold pieces
  4027 | D:5      | Found a shadowy altar of Dithmenos.
  4843 | D:5      | Reached skill level 9 in Maces & Flails
  4894 | D:5      | Found a hide-covered altar of Uskayaw.
  5371 | D:6      | Reached skill level 5 in Shields
  5382 | D:6      | Reached skill level 10 in Maces & Flails
  5382 | D:6      | Reached XP level 9. HP: 52/64 MP: 9/9
  5820 | D:7      | Found a snail-covered altar of Cheibriados.
  6153 | D:7      | Noticed Joseph
  6163 | D:7      | Killed Joseph
  6467 | D:7      | Reached skill level 11 in Maces & Flails
  6543 | D:7      | Found a staircase to the Ecumenical Temple.
  6552 | Temple   | Entered the Ecumenical Temple
  6910 | D:7      | Found a sacrificial altar of Ru.
  6911 | D:7      | Found a blossoming altar of Fedhas.
  7367 | D:8      | Reached skill level 12 in Maces & Flails
  7578 | D:8      | Found a shimmering blue altar of Sif Muna.
  7714 | D:8      | Reached XP level 10. HP: 72/72 MP: 10/10
  7891 | D:8      | Found a staircase to the Lair.
  8241 | Lair:1   | Entered Level 1 of the Lair of Beasts
  8454 | Lair:1   | Noticed a five-headed hydra
  8460 | Lair:1   | Killed a five-headed hydra
  8658 | Lair:1   | Noticed a black mamba
  8664 | Lair:1   | Killed a black mamba
  8718 | Lair:1   | Noticed a cane toad
  8723 | Lair:1   | Killed a cane toad
  8724 | Lair:1   | Reached skill level 5 in Armour
  9054 | Lair:1   | Reached skill level 5 in Fighting
  9292 | Lair:1   | Reached XP level 11. HP: 76/82 MP: 11/11
  9704 | Lair:2   | Reached skill level 1 in Evocations
 10774 | Lair:2   | Noticed an eight-headed hydra
 10782 | Lair:2   | Killed an eight-headed hydra
 10838 | Lair:3   | Noticed Snorg
 11579 | Lair:2   | Killed Snorg
 12324 | Lair:3   | Gained mutation: You are mostly covered in rugged brown
                  | scales. (AC +2, +5% HP) [demonic ancestry]
 12324 | Lair:3   | Reached XP level 12. HP: 62/96 MP: 12/12
 12804 | Lair:3   | Noticed a catoblepas
 12822 | Lair:3   | Killed a catoblepas
 13213 | Lair:3   | Found a staircase to the Shoals.
 13384 | Lair:3   | Noticed a catoblepas
 13393 | Lair:3   | Killed a catoblepas
 13773 | D:9      | Noticed Maurice
 13780 | D:9      | Killed Maurice
 13813 | D:9      | Paralysed by a hornet for 3 turns
 13926 | D:9      | Found a stormy altar of Qazlal.
 14145 | D:9      | Became a worshipper of Qazlal Stormbringer
 14188 | D:9      | Noticed Psyche
 14195 | D:9      | Killed Psyche
 14263 | D:9      | Reached skill level 5 in Evocations
 14537 | D:9      | Found a staircase to the Orcish Mines.
 14541 | D:9      | Found a runed translucent door.
 14544 | D:9      | Found a basalt altar of Yredelemnul.
 14983 | D:9      | Found a radiant altar of Vehumet.
 15080 | Orc:1    | Entered Level 1 of the Orcish Mines
 15080 | Orc:1    | Found Ivueg's Antique Armour Shoppe.
 15092 | Orc:1    | Reached * piety under Qazlal
 15095 | Orc:1    | Bought an encrusted kite shield for 285 gold pieces
 15095 | Orc:1    | Identified the +2 kite shield of the King of the Hill
                  | {MP+9} (You bought it in a shop on level 1 of the Orcish
                  | Mines)
 15379 | Orc:1    | Found Kyrchub's Antique Armour Emporium.
 15400 | Orc:1    | Bought an ichor-stained helmet for 247 gold pieces
 15400 | Orc:1    | Identified the -1 helmet of Exceptional Beauty {-Cast rN+
                  | Dex+3} (You bought it in a shop on level 1 of the Orcish
                  | Mines)
 15400 | Orc:1    | Bought a pair of embroidered gloves for 195 gold pieces
 15739 | Orc:1    | Reached ** piety under Qazlal
 16007 | Lair:4   | Noticed Kirke
 16105 | Lair:3   | Killed Kirke
 16426 | Lair:4   | Found a hole to the Spider Nest.
 16490 | Lair:4   | Noticed an eight-headed hydra
 16500 | Lair:4   | Killed an eight-headed hydra
 16501 | Lair:4   | Reached skill level 10 in Armour
 17325 | Shoals:1 | Entered Level 1 of the Shoals
 17325 | Shoals:1 | Noticed a merfolk avatar
 17338 | Shoals:1 | Killed a merfolk avatar
 17339 | Shoals:1 | Gained mutation: You sometimes emit foul miasma when
                  | damaged in melee. [demonic ancestry]
 17339 | Shoals:1 | Reached XP level 13. HP: 36/106 MP: 13/13
 17345 | Shoals:1 | HP: 3/106 [harpy (13)]
 17346 | Shoals:1 | Slain by a harpy

Illustrated notes

Levels and vault maps discovered:
D:1:      psy_arrival_terrarium, layout_loops_corners,
          ebering_ecumenical_altar_rust, chequers_hall_statues_y,
          serial_park_tiny_pond, minmay_splitting_lines
D:2:      layout_rooms, item_on_display_a, uniq_sigmund
D:3:      layout_loops_cross, beargit_hepliaklqana_dungeon_heroes,
          ashenzari_altar_1, mainiacjoe_overflow_boulevard,
          minmay_misc_feat_columns, grunt_decor_clamped, uniq_crazy_yiuf_cottage
D:4:      minmay_chambers_of_fours, layout_basic, uniq_menkaure, uniq_natasha,
          uniq_eustachio
D:5:      layout_basic, amcnicky_altar_gilded, nicolae_uskayaw_suspiria
D:6:      layout_rooms, tso_oasis_becter, minivault_4,
          hangedman_abyss_or_decor_passed, minmay_misc_feat_hallway
D:7:      layout_basic, nicolae_overflow_hidden_temple,
          mainiacjoe_overflow_small_starburst, minmay_temple_entry_glass,
          nicolae_underground_beach, uniq_joseph
D:8:      layout_basic, led_sif_book, david_lair_shrubbed
D:9:      layout_long_grid, lemuel_coloured_pillars_altar,
          mainiacjoe_overflow_brackets, dk_yredelemnul_ordeal, uniq_psyche,
          uniq_maurice
Temple:   pf_slimified_temple
Lair:1:   layout_roguey, infiniplex_staircase_pool, lemuel_fruit_fields
Lair:2:   layout_roguey
Lair:3:   layout_loops_ring, elwin_shoals_entry_rooms, grunt_megastairs_5,
          uniq_snorg
Lair:4:   layout_regular_city, spider_nest_entry_webs, minivault_11,
          lemuel_fruit_fields, serial_bayou_shore_a, uniq_kirke
Shoals:1: layout_shoals, gammafunk_ghost_split, serial_shops, shop_coins
Orc:1:    layout_caves, serial_shops, nicolae_shop_overgrown_old_shop, shop,
          nicolae_orc_lava_tube

Skill      XL: |  1  2  3  4  5  6  7  8  9 10 11 12 |
---------------+-------------------------------------+-----
Maces & Flails | 2 3 5 6 7 10 12 | 12.0
Shields        | 3 4 5 7 8 9 |  9.3
Armour         | 6 8 10 | 10.1
Fighting       | 5 7 9 |  9.6
Evocations     | 4 6 |  6.7

Action                   |  1- 3 |  4- 6 |  7- 9 | 10-12 | 13-15 || total
-------------------------+-------+-------+-------+-------+-------++-------
Melee: Flail             |    63 |       |       |       |       ||    63
       Demon whip        |     2 |    93 |   206 |   545 |     6 ||   852
       Kick              |       |    11 |    46 |   172 |     3 ||   232
Evoke: Wand              |       |       |       |    37 |       ||    37
  Use: Scroll            |     2 |       |    13 |     3 |       ||    18
       Potion            |       |       |       |     9 |     1 ||    10
 Stab: Paralysed         |       |       |       |     6 |       ||     6
       Distracted        |       |       |       |     1 |       ||     1
Armor: Scale mail        |    38 |    23 |       |       |       ||    61
       Chain mail        |       |     1 |    65 |   129 |     7 ||   202
Dodge: Dodged            |    26 |    11 |    29 |    75 |     3 ||   144
Block: Kite shield       |    36 |    29 |    83 |   216 |    17 ||   381
